 BcadrenCrawl: Boulder Brew version 0.05.21-48-g4b524a92c8 (webtiles) character file.

Game seed: 1110615855416564195, levelgen mode: deterministic

3096 Leeroy the Nimble (level 9, 0/51 HPs) Molten Gargoyle Noble. Began on Aug 1, 2021. Was an Initiate of the Shining One. Slain by a troll (7 damage) ... on level 5 of the Dungeon. The game lasted 00:15:13 (4625 turns).

Leeroy the Nimble (Molten Gargoyle Noble)           Turns: 4625, Time: 00:15:13

Health: 0/51       AC: 20    Str: 13    XL:     9 ^: 1105
Magic:  10/10      EV: 21    Int: 16    God:    the Shining One [0* [23]]
Gold:   338        SH:  0    Dex: 17    Spells: 10/10 levels left

rFire    + + .     Vision   .   c - +0 triple sword
rCold    x . .     Gourm    .   (also wielding the above weapon)
rNeg     + . .     Faith    .   d - +0 plate armour {Archmagi}
rCorr    . . .     Spirit   .   (no helmet)
rPois    ∞         Reflect  .   (no cloak)
rElec    +         Harm     .   v - +0 pair of clawed gauntlets
MR       .....                  (no boots)
Stlth    +.........             (no amulet)
HPRegen  0.67/turn              e - ring of ice
MPRegen  0.20/turn              k - ring of intelligence

@: glowing, studying Crossbows
A: torment immune, lava walking, breathe magma 1, fire resistance 3, negative
energy resistance 1, regeneration 1, electricity resistance, unbreathing,
petrification resistance, cold vulnerability 2, rot immunity, core melding 2
a: Breathe Magma, Renounce Religion


You were on level 5 of the Dungeon.
You worshipped the Shining One.
The Shining One was noncommittal.
You were hungry.

You visited 2 branches of the dungeon, and saw 6 of its levels.
You also visited: Market.

You collected 338 gold pieces.
You spent 1000 gold pieces at shops.

Inventory:

Weapons
 c - a +0 triple sword (weapon)
 h - a +1 vampiric dagger
 x - a +2 rapier of distortion
 B - a +0 lajatang Shields
 y - a +0 buckler
Armour
 a - a +0 robe
 d - a +0 plate armour of the Reaver (worn)
 v - a +0 pair of clawed gauntlets (worn)
Jewellery
 e - a ring of ice (left claw)
 g - an uncursed amulet of harm
 j - an uncursed ring of stealth
 k - a ring of intelligence (right claw)
 m - an uncursed ring of magical power
 o - an uncursed ring of resist corrosion
 p - a cursed ring of magical power {(Curse: Slay-3)}
 q - an uncursed ring of protection from magic
 u - an uncursed ring of magical power
 C - a cursed ring of fire {(Curse: Slay-3)}
Wands
 E - a wand of flame (10)
Scrolls
 f - a scroll of enchantment
 i - 2 scrolls of magic mapping
 l - 2 scrolls of blinking
 s - 3 scrolls of teleportation
 t - a scroll of summoning
Potions
 n - a potion of haste
 r - 3 potions of brilliance
 w - a potion of cure mutation
 z - a potion of amnesia
 A - 2 potions of agility
 D - a potion of heal wounds
Comestibles
 b - 10 rations


   Skills:
 + Level 8.1 Fighting
 - Level 12.0 Dodging
 - Level 0.7 Stealth
 - Level 1.1 Spellcasting


You had 10 spell levels left.
You didn't know any spells.
Your spell library was empty.

Dungeon Overview and Level Annotations

Branches:
Dungeon (5/8)              Temple (1/1) D:4
   Lair: D:5

Altars:
Ashenzari
Cheibriados
Dithmenos
Gozag Ym Sagoz
Hepliaklqana
Kikubaaqudgha
Makhleb
Nemelex Xobeh
Okawaru
Qazlal
Ru
Trog
Uskayaw
Vehumet
Wu Jian
Xom
The Shining One


Innate Abilities, Weirdness & Mutations

You are resistant to torment.
You are not damaged by walking on lava.
You are immune to poison.
You can breathe lava.
You are almost immune to the effects of heat. (rF+++)
You resist negative energy. (rN+)
You are resistant to electric shocks. (rElec)
You can survive without breathing.
You are immune to petrification.
You are very vulnerable to cold. (rC--)
You are immune to rotting.
The molten core of your body molds to fit into any body armour perfectly. (2x Base AC and No Encumberance from Armour).
You heal very quickly.


Message History

The troll is lightly wounded. (36/39) HP The troll misses you (0). x2; The troll claws you (4).
The troll barely misses you (0). The troll claws you (12)!
The troll claws you (2).
You slash the troll (8)!
The troll is moderately wounded. (30/39) HP The troll bites you (11)!
The troll claws you but does no damage. The troll claws you (2).
The troll bites you (5). The troll closely misses you (0).
The troll claws you but does no damage.
You are too injured to fight recklessly!
There is a stone staircase leading up here.
You slash the troll (7)!
The troll is moderately wounded. (28/39) HP The troll bites you (6).
* * * LOW HITPOINT WARNING * * *
The troll misses you (0). The troll barely misses you (0).
The troll closely misses you (0). The troll claws you (6).
* * * LOW HITPOINT WARNING * * *
The troll claws you (7)!
You die...

##+## #...#
#...# . #
#...#
..#.#####...#
#.......T@.#
#.......####
#.......#
#.......#
#.......#
#.......#
#.......#
##+######


You could see a troll.

Vanquished Creatures
  An orc warrior (D:4)
  2 porcupines
  A water moccasin (D:2)
  A sky beast (D:4)
  A black bear (D:4)
  3 crocodiles (D:2)
  5 big kobolds (D:2)
  A meliai zombie (D:4)
  3 bullfrogs
  4 crimson imps
  An orc priest (D:3)
  2 hounds
  12 jellies
  A merfolk siren (D:2)
  3 orc wizards
  A gnoll shaman (D:3)
  3 worker ants (D:3)
  An iguana (D:4)
  8 giant cockroaches
  A bullfrog zombie (D:4)
  2 oozes (D:2)
  2 shadow imps
  6 adders
  5 gnolls (D:3)
  46 sewer rats (D:2)
  2 worms
  13 cinder newts
  A dart slug (D:1)
  2 leopard geckos
  11 orcs
  An adder zombie (D:5)
  5 hobgoblins (D:1)
  6 jackals
  21 kobolds
  A quokka (D:3)
  3 ball pythons
  7 bats
  A bat skeleton (D:2)
  9 goblins (D:1)
  3 hobgoblin skeletons (D:2)
  A leopard gecko skeleton (D:3)
  A quokka skeleton (D:3)
  9 rats (D:1)
  A rat skeleton (D:2)
214 creatures vanquished.

Vanquished Creatures (others)
  Eustachio (D:2)
  A jelly (D:2)
  An orc wizard (D:3)
  A giant cockroach (D:2)
  An adder (D:2)
  2 worms (D:2)
  A leopard gecko (D:2)
  A ball python (D:2)
  3 kobolds (D:2)
  An orc skeleton (D:2)
  2 slimeheads (D:2)
  4 toadstools (D:1)
  176 withered plants (D:2)
195 creatures vanquished.

Grand Total: 409 creatures vanquished

Notes
Turn   | Place    | Note
-------+----------+-------------------------------------------
     0 | Start Ma | Leeroy the Molten Gargoyle Noble began the quest for the
                  | Orb.
     0 | Start Ma | Reached XP level 1. HP: 10/10 MP: 2/2
     0 | Start Ma | Found Digoe's Mashing MeleeMart.
     8 | Start Ma | Found Suafriq's Auxillary Armour.
    11 | Start Ma | Bought a +0 triple sword for 400 gold pieces
    22 | Start Ma | Found Ozuitut's Expert Tomes.
    48 | Start Ma | Bought a +0 plate armour of the Reaver for 600 gold pieces
    64 | D:1      | Leeroy set off with the following items: a +0 robe, a
                  | ration, a +0 triple sword, a +0 plate armour of the Reaver
   118 | D:1      | Reached skill level 1 in Dodging
   152 | D:1      | Reached skill level 2 in Dodging
   152 | D:1      | Reached XP level 2. HP: 14/14 MP: 3/3
   185 | D:1      | Reached skill level 3 in Dodging
   185 | D:1      | Reached XP level 3. HP: 18/18 MP: 4/4
   677 | D:1      | Reached skill level 4 in Dodging
   893 | D:2      | Noticed a big kobold
   894 | D:2      | Noticed a big kobold
   896 | D:2      | Noticed a crocodile
   896 | D:2      | Killed a big kobold
   896 | D:2      | Reached skill level 5 in Dodging
   896 | D:2      | Reached XP level 4. HP: 22/22 MP: 5/5
   898 | D:2      | Reached XP level 5. HP: 25/25 MP: 6/6
   904 | D:2      | Reached skill level 6 in Dodging
   918 | D:2      | Reached XP level 6. HP: 9/30 MP: 7/7
   930 | D:2      | Reached skill level 7 in Dodging
  1300 | D:2      | Reached skill level 8 in Dodging
  1300 | D:2      | Reached XP level 7. HP: 18/33 MP: 8/8
  1417 | D:2      | Reached skill level 9 in Dodging
  1458 | D:2      | Noticed Eustachio
  1494 | D:2      | Killed Eustachio
  1717 | D:2      | Reached skill level 10 in Dodging
  1720 | D:2      | Reached XP level 8. HP: 33/37 MP: 9/9
  2017 | D:2      | Reached skill level 11 in Dodging
  2052 | D:2      | Gained mutation: You heal very quickly. [potion of
                  | mutation]
  2561 | D:2      | Reached skill level 12 in Dodging
  2910 | D:3      | Reached XP level 9. HP: 33/44 MP: 10/10
  3465 | D:4      | Reached skill level 5 in Fighting
  3643 | D:4      | Found a staircase to the Ecumenical Temple.
  3694 | Temple   | Entered the Ecumenical Temple
  3776 | Temple   | Became a worshipper of the Shining One
  4052 | D:4      | Found a burning altar of Makhleb.
  4053 | D:4      | Found a radiant altar of Vehumet.
  4368 | D:4      | Found an ornate altar of the Wu Jian Council.
  4615 | D:5      | Entered Level 5 of the Dungeon
  4616 | D:5      | Noticed a troll
  4625 | D:5      | Slain by a troll

Levels and vault maps discovered:
D:1:      ldierk_walled_garden_2, layout_loops_corners, first_ration,
          minmay_heptomino_l4, cheibrodos_sewer_entry_drain
D:2:      layout_sewer, st_mermaid_room, uniq_eustachio
D:3:      layout_loops_cross
D:4:      layout_basic, grunt_temple_overflow_lords_of_destruction,
          lemuel_coloured_pillars_altar, temple_pool_b
D:5:      layout_basic, chequers_temple_overflow_statue_of_worship,
          dpeg_lair_monsters, uniq_pikel, uniq_joseph
Temple:   eino_temple_lava

Skill      XL: |  1  2  3  4  5  6  7  8  9 |
---------------+----------------------------+-----
Dodging        | 2 3 5 6 8 10 12 | 12.0
Fighting       | 3 8 |  8.1
Stealth        | |  0.7
Spellcasting   | |  1.1

Action                   |  1- 3 |  4- 6 |  7- 9 || total
-------------------------+-------+-------+-------++-------
Melee: Triple sword      |    64 |   161 |   408 ||   633
  Use: Potion            |       |       |     2 ||     2
 Stab: Sleeping          |     5 |     1 |     6 ||    12
       Distracted        |       |     1 |       ||     1
  Eat: Chunk             |       |     2 |    11 ||    13
       Ration            |       |       |     1 ||     1
Armor: Plate armour      |    24 |   122 |   229 ||   375
Dodge: Dodged            |    60 |   481 |   939 ||  1480
       Rpst.: Triple sword |    17 |   166 |   254 ||   437
